 Dungeon Crawl Stone Soup version 0.20-a0-899-g09a9bfb (webtiles) character file.

8202 4thArraOfDagon the Fighter (level 10, -3/91 HPs)
             Began as a Demigod Wanderer on Mar 18, 2017.
             Slain by a cyclops (24 damage)
             ... on level 14 of the Dungeon.
             The game lasted 00:21:51 (4576 turns).

4thArraOfDagon the Fighter (Demigod Wanderer)       Turns: 4576, Time: 00:21:53

Health: -3/91      AC:  7    Str: 20    XL:     10   Next: 79%
Magic:  13/13      EV: 13    Int: 18    God:
Gold:   323        SH:  0    Dex: 16    Spells: 9/9 levels left

rFire    . . .     SeeInvis .   C - +5 battleaxe (freeze)
rCold    . . .     Gourm    .   F - +0 troll leather armour
rNeg     . . .     Faith    .   (shield currently unavailable)
rPois    .         Spirit   .   (no helmet)
rElec    .         Reflect  .   (no cloak)
rCorr    .         Harm     .   (no gloves)
MR       +....                  t - +0 pair of boots
Stlth    ++........             (no amulet)
Regen    1.1/turn               (no ring)
MPRegen  0.2/turn               E - ring of wizardry

@: no status effects
A: high mp 1, regeneration 1, strong 1
a: no special abilities


You were on level 14 of the Dungeon.
You were not hungry.

You visited 1 branch of the dungeon, and saw 14 of its levels.
You also visited: Ossuary.

You collected 323 gold pieces.

Inventory:

Hand Weapons
 a - a +2 short sword
 u - a +2 short sword of venom
 C - a +5 battleaxe of freezing (weapon)
Armour
 b - a +0 ring mail
 m - a +0 plate armour
 t - a +0 pair of boots (worn)
 F - a +0 troll leather armour (worn)
Magical Staves
 y - an uncursed staff of death {unknown}
Jewellery
 q - an uncursed ring of fire
 E - a ring of wizardry (left hand)
Wands
 A - a wand of disintegration (1/24)
 G - a wand of paralysis (16/24)
Scrolls
 g - a scroll of amnesia {unknown}
 i - 4 scrolls of remove curse
 l - 2 scrolls of enchant armour {unknown}
 p - a scroll of enchant weapon {unknown}
 r - a scroll of random uselessness {unknown}
 v - 2 scrolls of teleportation {unknown}
 B - a scroll of magic mapping
 D - a scroll of brand weapon {unknown}
Potions
 c - a potion of lignification
 e - a potion of berserk rage {unknown}
 f - 3 potions of degeneration {unknown}
 h - 3 potions of curing
 j - a potion of agility
 k - a potion of haste
 n - 3 potions of might
 o - a potion of resistance
 s - 2 potions of brilliance
 w - a potion of magic {unknown}
 x - 2 potions of flight
Comestibles
 d - 5 bread rations
 z - 4 meat rations


   Skills:
 - Level 9.0 Fighting
 - Level 4.0 Short Blades
 * Level 8.1 Axes
   Level 1.7 Bows
 - Level 9.0 Armour
 + Level 3.4 Dodging
 - Level 1.0 Stealth
   Level 1.0 Shields
 - Level 1.0 Evocations


You had 9 spell levels left.
You didn't know any spells.

Dungeon Overview and Level Annotations

Branches:
Dungeon (14/15)
 Temple: D:4-7         Lair: D:8-11         Orc: D:9-12      Vaults: D:13-14

Annotations:
D:2 Terence
D:6 Edmund
D:7 Joseph


Innate Abilities, Weirdness & Mutations

You have an increased reservoir of magic. (+10% MP)
Your natural rate of healing is unusually fast.
Your muscles are strong. (Str +2)


Message History

You start waiting.
The cyclops hits you!!
Unknown command.
You slash the cyclops! You freeze the cyclops.
The cyclops is moderately wounded.
Unknown command.
You hit the cyclops. You freeze the cyclops.
The cyclops is lightly wounded.
You slash the cyclops! You freeze the cyclops. The cyclops closely misses you.
Unknown command.
You slash the cyclops! You freeze the cyclops.
The cyclops is moderately wounded.
You hit the cyclops. You freeze the cyclops. The cyclops hits you!! x2
* * * LOW HITPOINT WARNING * * *
Unknown command.
Unknown command.
You hit the cyclops but do no damage.
The cyclops is moderately wounded.
You slash the cyclops! You freeze the cyclops. The cyclops hits you!!
You die...

############
#######........CC#
./......########@#
.C......# #.#
#######.# #.# #.#
#.# #.# #.# #.#
#.# #C# #.# #.#
#.# #.#


You could see 2 cyclopes.

Vanquished Creatures
  2 two-headed ogres
  A troll (D:11)
  2 hippogriffs
  5 slime creatures
  8 yaks (D:11)
  A wyvern (D:10)
  A wraith (D:11)
  3 vampire mosquitoes (D:11)
  An acid dragon (D:11)
  2 porcupines
  3 water moccasins
  An ice beast (D:8)
  An orc warrior (D:7)
  A sky beast (D:10)
  2 black bears (D:8)
  4 ogres
  A centaur (D:9)
  2 wolves
  A crocodile (D:7)
  2 big kobolds
  4 bullfrogs
  A scorpion (D:4)
  4 killer bees (D:8)
  3 wights (D:8)
  A howler monkey (D:7)
  2 crimson imps
  A quasit (D:11)
  2 centaur zombies
  3 orc priests
  5 hounds
  2 human zombies (Ossuary)
  2 iguanas
  5 orc wizards
  8 worker ants
  2 big kobold zombies (Ossuary)
  A hound zombie (D:6)
  2 hound skeletons
  2 mummies (Ossuary)
  A worker ant zombie (D:7)
  2 howler monkey skeletons
  2 gnolls
  4 adders
  A shadow imp (D:5)
  2 adder zombies
  An ooze (D:6)
  An adder skeleton (D:4)
  2 dart slugs
  3 leopard geckos
  31 orcs
  4 giant cockroaches
  A goblin (D:2)
  4 hobgoblins (D:2)
  10 jackals
  3 quokkas
  3 bats
  3 frilled lizards (D:2)
  A goblin zombie (Ossuary)
  9 hobgoblin zombies (Ossuary)
  3 jackal zombies (Ossuary)
  11 kobolds
  10 kobold zombies (Ossuary)
  A leopard gecko skeleton (D:8)
  6 orc zombies (Ossuary)
  6 rats
  2 rat zombies (Ossuary)
221 creatures vanquished.

Vanquished Creatures (others)
  4 fungi (D:8)
  13 plants (D:8)
17 creatures vanquished.

Grand Total: 238 creatures vanquished

Notes
Turn   | Place    | Note
-------+----------+-------------------------------------------
     0 | D:1      | 4thArraOfDagon the Demigod Wanderer began the quest for the Orb.
     0 | D:1      | 4thArraOfDagon set off with: a +2 short sword, a +0 ring mail, a potion of lignification, a bread ration
     0 | D:1      | Reached XP level 1. HP: 18/18 MP: 3/3
   156 | D:2      | Reached XP level 2. HP: 18/25 MP: 5/5
   292 | D:2      | Noticed Terence
   425 | D:4      | Reached XP level 3. HP: 18/31 MP: 6/6
   446 | D:4      | Reached skill level 1 in Armour
   463 | D:4      | uhh
   470 | D:4      | Reached XP level 4. HP: 23/38 MP: 7/7
   532 | D:4      | fail
   561 | D:5      | Entered Level 5 of the Dungeon
   856 | D:4      | Found a sparkling altar of Nemelex Xobeh.
   865 | D:4      | Reached XP level 5. HP: 46/46 MP: 8/8
  1217 | D:5      | Reached XP level 6. HP: 45/52 MP: 9/9
  1333 | D:6      | Gained mutation: Your muscles are strong. (Str +2) [potion of mutation]
  1333 | D:6      | Gained mutation: Your natural rate of healing is unusually fast. [potion of mutation]
  1427 | D:6      | Noticed Edmund
  1522 | D:6      | Found a sand-covered staircase.
  1531 | Ossuary  | Entered an ossuary
  1902 | Ossuary  | Reached skill level 5 in Fighting
  1966 | D:7      | Reached XP level 7. HP: 61/61 MP: 10/10
  1992 | D:7      | Noticed a hippogriff
  2002 | D:7      | Killed a hippogriff
  2040 | D:7      | Reached skill level 5 in Armour
  2199 | D:8      | Found a shimmering altar of Xom.
  2231 | D:7      | Reached XP level 8. HP: 48/71 MP: 11/11
  2670 | D:8      | Found a hazy altar of Hepliaklqana.
  2820 | D:8      | Reached XP level 9. HP: 62/81 MP: 12/12
  2841 | D:8      | Noticed a two-headed ogre
  2977 | D:7      | Noticed Joseph
  3171 | D:9      | Reached skill level 1 in Axes
  3248 | D:10     | Entered Level 10 of the Dungeon
  3740 | D:11     | Reached XP level 10. HP: 31/91 MP: 13/13
  3799 | D:11     | Reached skill level 5 in Axes
  3868 | D:10     | Noticed a two-headed ogre
  3890 | D:10     | Killed a two-headed ogre
  4031 | D:10     | Reached skill level 1 in Dodging
  4227 | D:11     | Noticed a two-headed ogre
  4260 | D:11     | Killed a two-headed ogre
  4286 | D:11     | Noticed a cyclops
  4447 | D:13     | Noticed a five-headed hydra
  4545 | D:14     | Noticed a cyclops
  4550 | D:14     | Noticed a cyclops
  4576 | D:14     | Slain by a cyclops

Vault maps used:
D:1:      minmay_arrival_plants_in_alcoves, minmay_misc_feat_columns, tso_altar
D:2:      nicolae_overflow_hidden_temple, first_bread,
          nemelex_lonely_heart_becter, uniq_terence
D:3:      chequers_ecumenical_altar_simple_redux
D:4:      nemelex_xobeh_ov_fountains_minmay, marbit_many_paths,
          serial_bayou_pond_b
D:5:      gammafunk_temple_overflow_elements, nicolae_for_you_no_charge
D:6:      serial_shops, shop, chequers_ossuary_entry_cave, uniq_edmund,
          uniq_sigmund
D:7:      temple_fountains, uniq_pikel, uniq_joseph
D:8:      kennysheep_mini_moat, minmay_lair_entry_grove, basic_altar
D:9:      led_sif_book
D:10:     serial_curves, eino_curves_03, eino_curves_01
D:11:     basic_altar
D:12:     serial_shops, nicolae_shop_behind_doors, hangedman_ranch
D:13:     david_vaults_4, uniq_frances
D:14:     kennysheep_nondescript, serial_shops, shop_statue, uniq_urug
Ossuary:  ossuary_tomb_1

Skill      XL: |  1  2  3  4  5  6  7  8  9 10 |
---------------+-------------------------------+-----
Short Blades   | 2 3 4 |  4.0
Fighting       | 3 4 5 6 8 9 |  9.0
Armour         | 1 2 4 5 7 8 9 |  9.0
Axes           | 4 8 |  8.1
Dodging        | 3 |  3.4
Bows           | |  1.7
Stealth        | |  1.0
Shields        | |  1.0
Evocations     | |  1.0

Action                   |  1- 3 |  4- 6 |  7- 9 | 10-12 || total
-------------------------+-------+-------+-------+-------++-------
Melee: Short sword       |    80 |   330 |   479 |    89 ||   978
       Battleaxe         |       |       |       |    77 ||    77
Throw: Tomahawk          |       |       |     1 |     1 ||     2
Evoke: Wand              |       |       |     3 |       ||     3
  Use: Scroll            |     3 |     6 |     4 |       ||    13
       Potion            |       |     2 |     1 |     2 ||     5
 Stab: Sleeping          |       |       |     1 |       ||     1
  Eat: Chunk             |       |     3 |     5 |     4 ||    12
       Royal jelly       |       |       |     1 |       ||     1
Armor: Ring mail         |    14 |       |       |       ||    14
       Plate armour      |    15 |   232 |   251 |       ||   498
       Troll leather arm |       |       |    20 |    70 ||    90
       Skin              |       |       |       |    31 ||    31
Dodge: Dodged            |    28 |    90 |   162 |    90 ||   370
